Seattle Thunderbirds vs Texas Stars

Created - 1 février 2021 at 13:38

Goals
1 2 3 T
Seattle Thunderbirds 0 2 3 5
Texas Stars 2 0 1 3
Shots
1 2 3 T
Seattle Thunderbirds 9 17 10 36
Texas Stars 9 8 17 34

1st period

1. Texas Stars , Michael Dal Colle 8 (Luke Witkowski 3) at 1:31
2. Texas Stars , Luke Johnson 12 (Laurent Dauphin 17) at 13:21

Penalties :
Colin Blackwell (STA) for Tripping (Minor) at 5:00, Luke Johnson (STA) for Tripping (Minor) at 14:58

2nd period

3. Seattle Thunderbirds , Greg Carey 14 (J.T. Brown 4) at 4:20
4. Seattle Thunderbirds , Matt Read 7 (Sam Carrick 36, Chris Terry 29) at 7:40

Penalties :
Zach Redmond (STA) for High sticking (Minor) at 0:48, Zach Redmond (STA) for Hooking (Minor) at 17:36

3rd period

5. Seattle Thunderbirds , Sam Carrick 15 (Chris Terry 30, Jacob MacDonald 16) at 2:02
6. Seattle Thunderbirds , J.T. Brown 8 (T.J. Tynan 7, Ryan Schmelzer 6) at 15:23
7. Texas Stars , Josh Currie 22 (Zach Redmond 11, Glenn Gawdin 43) at 17:59 (PP)
8. Seattle Thunderbirds , Sam Carrick 16 (Joey LaLeggia 11, Chris Terry 31) at 18:29

Penalties :
Chris Terry (THU) for Interference (Minor) at 4:21, Logan Stanley (THU) for Tripping (Minor) at 17:29, Joseph Cramarossa (STA) for Roughing (Minor) at 19:51

Goalie Stats

Zane McIntyre (THU), 31 saves from 34 shots - (0,912), W, 17-5-5, 60:00 minutes
Malcolm Subban (STA), 31 saves from 36 shots - (0,861), L, 17-9-2, 60:00 minutes

Players Stats for Seattle Thunderbirds

Player Name              G  A  P  +/- PIM S  H  SB GA TA FO     MP     PP MP  PK MP  
------------------------------------------------------------------------------------
Brett Sutter             0  0  0   1  0   3  0  0  0  0  1/1    12:31   0:09   0:47 
Chris Terry              0  3  3   2  2   4  1  0  0  0  2/5    20:42   4:19   0:30 
Greg Carey               1  0  1   1  0   4  1  0  0  0  3/6    12:31   0:09   0:47 
J.T. Brown               1  1  2   1  0   4  0  0  0  0  0/0    10:03   0:00   0:00 
Jacob MacDonald          0  1  1   1  0   0  0  1  0  3  0/0    24:27   4:53   1:43 
Joey LaLeggia            0  1  1   1  0   0  1  2  0  1  0/0    20:45   3:11   0:46 
Logan Brown              0  0  0  -1  0   0  1  0  0  0  7/13   15:31   3:36   0:00 
Logan Stanley            0  0  0   1  2   1  0  0  0  0  0/0    11:11   0:00   0:00 
Matt Read                1  0  1   2  0   2  2  0  0  1  0/3    20:28   4:19   0:15 
Matt Tennyson            0  0  0   1  0   0  1  2  0  0  0/0    20:45   3:11   0:46 
Paul Thompson            0  0  0   1  0   3  1  0  1  0  2/2    12:41   0:09   0:57 
Peter Cehlarik           0  0  0  -1  0   0  0  0  0  0  1/3    16:58   3:36   1:27 
Rob O'Gara               0  0  0   0  0   0  0  0  0  0  0/0     3:36   0:00   0:00 
Ryan Schmelzer           0  1  1   1  0   4  0  0  0  0  2/4    10:03   0:00   0:00 
Sam Carrick              2  1  3   2  0   6  2  0  1  2  10/20  20:28   4:19   0:15 
Stefan Noesen            0  0  0  -1  0   2  2  1  1  0  0/1    15:31   3:36   0:00 
T.J. Tynan               0  1  1   1  0   2  0  1  0  0  0/0    10:03   0:00   0:00 
Vincent LoVerde          0  0  0   1  0   0  0  0  0  0  0/0    11:40   0:00   0:00 
Yannick Weber            0  0  0   1  0   1  4  2  1  1  0/0    27:35   4:53   1:43 

Players Stats for Texas Stars

Player Name              G  A  P  +/- PIM S  H  SB GA TA FO     MP     PP MP  PK MP  
------------------------------------------------------------------------------------
Brandon Manning          0  0  0   1  0   0  2  1  0  0  0/0    12:46   0:00   0:16 
Cal Foote                0  0  0  -1  0   1  1  1  0  0  0/0    20:07   0:38   2:59 
Cale Fleury              0  0  0  -3  0   6  3  1  0  1  0/0    25:03   1:51   4:49 
Colin Blackwell          0  0  0  -2  2   2  0  2  1  0  1/2    18:56   1:26   1:47 
Danick Martel            0  0  0  -1  0   3  1  0  0  0  0/0    13:20   0:00   0:06 
Francois Beauchemin      0  0  0   0  0   0  0  0  0  0  0/0     3:50   0:00   0:50 
Glenn Gawdin             0  1  1  -3  0   6  2  1  2  0  17/29  25:04   1:26   4:07 
Joseph Cramarossa        0  0  0  -1  2   2  0  0  0  0  1/4     6:07   0:00   0:00 
Josh Currie              1  0  1  -2  0   2  2  2  1  0  1/3    21:11   1:26   4:08 
Juuso Riikola            0  0  0  -1  0   1  1  2  0  1  0/0    20:07   0:38   2:59 
Laurent Dauphin          0  1  1   1  0   2  1  0  0  0  2/2    15:42   1:03   0:00 
Luke Johnson             1  0  1   1  2   2  1  0  1  0  7/13   17:46   1:03   1:59 
Luke Witkowski           0  1  1   1  0   0  1  2  0  1  0/0    13:50   0:00   1:38 
Matthew Strome           0  0  0  -1  0   1  0  2  0  0  0/0     9:29   0:00   2:26 
Michael Dal Colle        1  0  1   1  0   4  3  0  1  0  0/0    15:42   1:03   0:00 
Phil Varone              0  0  0  -1  0   1  2  0  2  0  1/4    15:18   0:00   1:35 
Spencer Smallman         0  0  0  -1  0   1  3  0  0  0  0/1    12:38   0:00   0:00 
Zach Redmond             0  1  1  -3  4   0  2  1  0  1  0/0    24:55   1:51   2:37 

3 Stars

1 - Sam Carrick (THU)
2 - J.T. Brown (THU)
3 - Matt Read (THU)

Power Play

Seattle Thunderbirds - 0 on 5 Attempt(s) - 0,00%
Texas Stars - 1 on 2 Attempt(s) - 50,00%

Penalty Kill

Seattle Thunderbirds - 1 on 2 Attempt(s) - 50,00% - Score 0 goal in Penalty Kill
Texas Stars - 5 on 5 Attempt(s) - 100,00% - Score 0 goal in Penalty Kill

Team Stat

Seattle Thunderbirds - Hits : 16 - Faceoff Wins : 28 - Blocked Shots : 9 - Penalty Minutes : 4
Texas Stars - Hits : 25 - Faceoff Wins : 30 - Blocked Shots : 15 - Penalty Minutes : 10

Official

Referees : Mike Duco and Kyle Rehman
Linesman : Neil Campbell and Travis Gawryletz

Game Notes

No Game Note

Finance

Level 1 -- Attendance: 1443 (72,15%) -- Ticket Income 50 505 $
Level 2 -- Attendance: 731 (73,10%) -- Ticket Income 10 965 $
Total Attendance: 2174 (72,47%)
Total Ticket Income: 61 470 $
Other Income: 30 120 $
Total Income: 91 590 $

Seattle Thunderbirds

5 vs 5 Forward 
   Center                   Left Wing                Right Wing               Time % Phy DF OF 
 1 Sam Carrick              Chris Terry              Matt Read                33     1   2  2  
 2 Logan Brown              Peter Cehlarik           Stefan Noesen            30     1   2  2  
 3 Greg Carey               Brett Sutter             Paul Thompson            20     1   2  2  
 4 Ryan Schmelzer           J.T. Brown               T.J. Tynan               17     1   2  2  

5 vs 5 Defense 
   Defense                  Defense                                           Time % Phy DF OF 
 1 Yannick Weber            Jacob MacDonald                                   40     1   2  2  
 2 Matt Tennyson            Joey LaLeggia                                     30     1   2  2  
 3 Vincent LoVerde          Logan Stanley                                     20     1   2  2  
 4 Rob O'Gara               Yannick Weber                                     10     1   2  2  

PowerPlay Forward 
   Center                   Left Wing                Right Wing               Time % Phy DF OF 
 1 Sam Carrick              Chris Terry              Matt Read                60     1   2  2  
 2 Logan Brown              Peter Cehlarik           Stefan Noesen            40     1   2  2  

PowerPlay Defense
   Defense                  Defense                                           Time % Phy DF OF 
 1 Yannick Weber            Jacob MacDonald                                   60     1   2  2  
 2 Matt Tennyson            Joey LaLeggia                                     40     1   2  2  

Penalty Kill 4 Players Forward 
   Center                   Wing                     Time % Phy DF OF 
 1 Chris Terry              Peter Cehlarik           60     1   2  2  
 2 Sam Carrick              Matt Read                40     1   2  2  

Penalty Kill 4 Players Defense
   Defense                  Defense                  Time % Phy DF OF 
 1 Yannick Weber            Jacob MacDonald          60     1   2  2  
 2 Matt Tennyson            Joey LaLeggia            40     1   2  2  

Penalty Kill - 3 Players Forward 
   Forward                                           Time % Phy DF OF 
 1 Chris Terry                                       60     1   2  2  
 2 Peter Cehlarik                                    40     1   2  2  

Penalty Kill - 3 Players Defense
   Defense                  Defense                  Time % Phy DF OF 
 1 Yannick Weber            Jacob MacDonald          60     1   2  2  
 2 Matt Tennyson            Joey LaLeggia            40     1   2  2  

4 vs 4 Forward 
   Center                   Wing                     Time % Phy DF OF 
 1 Chris Terry              Peter Cehlarik           60     1   2  2  
 2 Sam Carrick              Matt Read                40     1   2  2  

4 vs 4 Defense
   Defense                  Defense                  Time % Phy DF OF 
 1 Yannick Weber            Jacob MacDonald          60     1   2  2  
 2 Matt Tennyson            Joey LaLeggia            40     1   2  2  

Last Minutes Offensive
   Center                   Left Wing                Right Wing               Defense                  Defense                  
   Sam Carrick              Chris Terry              Matt Read                Yannick Weber            Jacob MacDonald          

Last Minutes Defensive
   Center                   Left Wing                Right Wing               Defense                  Defense                  
   Sam Carrick              Chris Terry              Matt Read                Yannick Weber            Jacob MacDonald          

Goaltenders
Starting : Zane McIntyre            
Backup : Unknown Goalie           

Extra Forwards
Normal : Greg Carey, Brett Sutter, Paul Thompson - PP : Greg Carey, Brett Sutter - PK : Paul Thompson
Extra Defensemen
Normal : Vincent LoVerde, Logan Stanley, Rob O'Gara - PP : Vincent LoVerde - PK : Logan Stanley, Rob O'Gara
Penalty Shots
Yannick Weber, Chris Terry, Peter Cehlarik, Sam Carrick, Matt Read

Scratches
Dmitry Osipov (Healthy), Kody Clark (Healthy), Vincent Desharnais (Healthy)

Texas Stars

5 vs 5 Forward 
   Center                   Left Wing                Right Wing               Time % Phy DF OF 
 1 Glenn Gawdin             Colin Blackwell          Josh Currie              40     1   2  2  
 2 Luke Johnson             Michael Dal Colle        Laurent Dauphin          30     1   2  2  
 3 Phil Varone              Danick Martel            Spencer Smallman         20     1   2  2  
 4 Joseph Cramarossa        Matthew Strome           Glenn Gawdin             10     1   2  2  

5 vs 5 Defense 
   Defense                  Defense                                           Time % Phy DF OF 
 1 Zach Redmond             Cale Fleury                                       40     1   2  2  
 2 Cal Foote                Juuso Riikola                                     30     1   2  2  
 3 Brandon Manning          Luke Witkowski                                    20     1   2  2  
 4 Francois Beauchemin      Zach Redmond                                      10     1   2  2  

PowerPlay Forward 
   Center                   Left Wing                Right Wing               Time % Phy DF OF 
 1 Glenn Gawdin             Colin Blackwell          Josh Currie              60     1   2  2  
 2 Luke Johnson             Michael Dal Colle        Laurent Dauphin          40     1   2  2  

PowerPlay Defense
   Defense                  Defense                                           Time % Phy DF OF 
 1 Zach Redmond             Cale Fleury                                       60     1   2  2  
 2 Cal Foote                Juuso Riikola                                     40     1   2  2  

Penalty Kill 4 Players Forward 
   Center                   Wing                     Time % Phy DF OF 
 1 Glenn Gawdin             Josh Currie              60     1   2  2  
 2 Luke Johnson             Colin Blackwell          40     1   2  2  

Penalty Kill 4 Players Defense
   Defense                  Defense                  Time % Phy DF OF 
 1 Zach Redmond             Cale Fleury              60     1   2  2  
 2 Cal Foote                Juuso Riikola            40     1   2  2  

Penalty Kill - 3 Players Forward 
   Forward                                           Time % Phy DF OF 
 1 Glenn Gawdin                                      60     1   2  2  
 2 Josh Currie                                       40     1   2  2  

Penalty Kill - 3 Players Defense
   Defense                  Defense                  Time % Phy DF OF 
 1 Zach Redmond             Cale Fleury              60     1   2  2  
 2 Cal Foote                Juuso Riikola            40     1   2  2  

4 vs 4 Forward 
   Center                   Wing                     Time % Phy DF OF 
 1 Glenn Gawdin             Josh Currie              60     1   2  2  
 2 Luke Johnson             Colin Blackwell          40     1   2  2  

4 vs 4 Defense
   Defense                  Defense                  Time % Phy DF OF 
 1 Zach Redmond             Cale Fleury              60     1   2  2  
 2 Cal Foote                Juuso Riikola            40     1   2  2  

Last Minutes Offensive
   Center                   Left Wing                Right Wing               Defense                  Defense                  
   Glenn Gawdin             Colin Blackwell          Josh Currie              Zach Redmond             Cale Fleury              

Last Minutes Defensive
   Center                   Left Wing                Right Wing               Defense                  Defense                  
   Glenn Gawdin             Colin Blackwell          Josh Currie              Zach Redmond             Cale Fleury              

Goaltenders
Starting : Malcolm Subban           
Backup : Mike Condon              

Extra Forwards
Normal : Phil Varone, Danick Martel, Matthew Strome - PP : Phil Varone, Danick Martel - PK : Matthew Strome
Extra Defensemen
Normal : Brandon Manning, Luke Witkowski, Francois Beauchemin - PP : Brandon Manning - PK : Luke Witkowski, Francois Beauchemin
Penalty Shots
Glenn Gawdin, Josh Currie, Luke Johnson, Colin Blackwell, Michael Dal Colle

Scratches
Joshua Jacobs (Healthy), Dylan McLaughlin (Healthy)

% Time on Ice - Seattle Thunderbirds

Lines # - Real PCT - Wanted PCT - Time Play
Normal Forward
1 - 32% - 33% - 15:54
2 - 24% - 30% - 11:55
3 - 23% - 20% - 11:35
4 - 20% - 17% - 10:03
Normal Defense
1 - 36% - 40% - 17:51
2 - 34% - 30% - 16:48
3 - 23% - 20% - 11:12
4 - 7% - 10% - 3:36
PP Forward
1 - 55% - 60% - 4:28
2 - 45% - 40% - 3:36
PP Defense
1 - 61% - 60% - 4:53
2 - 39% - 40% - 3:11
PK Forward
1 - 100% - 60% - 2:29
2 - 0% - 40% - 0:00
PK Defense
1 - 69% - 60% - 1:43
2 - 31% - 40% - 0:46
PK3 Forward
1 - 0% - 60%
2 - 0% - 40%
PK3 Defense
1 - 0% - 60%
2 - 0% - 40%
44 Forward
1 - 0% - 60%
2 - 0% - 40%
44 Defense
1 - 0% - 60%
2 - 0% - 40%
Last Minute Offensive  - 0:00
Last Minute Defensive  - 0:00
Total
Forward - 60:00
Defense - 60:00

% Time on Ice - Texas Stars

Lines # - Real PCT - Wanted PCT - Time Play
Normal Forward
1 - 32% - 40% - 15:38
2 - 30% - 30% - 15:03
3 - 26% - 20% - 12:38
4 - 12% - 10% - 6:08
Normal Defense
1 - 37% - 40% - 18:23
2 - 33% - 30% - 16:30
3 - 24% - 20% - 11:56
4 - 5% - 10% - 2:38
PP Forward
1 - 58% - 60% - 1:26
2 - 42% - 40% - 1:03
PP Defense
1 - 74% - 60% - 1:51
2 - 26% - 40% - 0:38
PK Forward
1 - 68% - 60% - 5:29
2 - 32% - 40% - 2:35
PK Defense
1 - 63% - 60% - 5:05
2 - 37% - 40% - 2:59
PK3 Forward
1 - 0% - 60%
2 - 0% - 40%
PK3 Defense
1 - 0% - 60%
2 - 0% - 40%
44 Forward
1 - 0% - 60%
2 - 0% - 40%
44 Defense
1 - 0% - 60%
2 - 0% - 40%
Last Minute Offensive  - 0:00
Last Minute Defensive  - 0:00
Total
Forward - 60:00
Defense - 60:00

Play-by-Play

1st period


0:01 of 1st period - Sam Carrick wins face-off versus Josh Currie in neutral zone.
0:51 of 1st period - Snap shot by Greg Carey.
0:51 of 1st period - Stopped by Malcolm Subban with a rebound.
1:11 of 1st period - Snap shot by T.J. Tynan.
1:11 of 1st period - Shot Blocked by Matthew Strome.
1:31 of 1st period - Slapshot by Michael Dal Colle.
1:31 of 1st period - Goal by Michael Dal Colle - Seattle Thunderbirds : 0 - Texas Stars : 1.
1:32 of 1st period - Glenn Gawdin wins face-off versus Logan Brown in neutral zone.
1:57 of 1st period - Sam Carrick is hit by Cale Fleury and loses puck.
2:02 of 1st period - Wrist shot by Luke Johnson.
2:02 of 1st period - Stopped by Zane McIntyre with a rebound.
2:06 of 1st period - Slapshot by Michael Dal Colle.
2:06 of 1st period - Shot Misses the Net.
2:58 of 1st period - Wrist shot by Luke Johnson.
2:58 of 1st period - Shot Misses the Net.
3:00 of 1st period - Snap shot by Michael Dal Colle.
3:00 of 1st period - Stopped by Zane McIntyre with a rebound.
3:02 of 1st period - Snap shot by Michael Dal Colle.
3:02 of 1st period - Shot Blocked by Stefan Noesen.
3:26 of 1st period - Snap shot by Greg Carey.
3:26 of 1st period - Deflect By Paul Thompson.
3:26 of 1st period - Shot Misses the Net.
3:26 of 1st period - Puck is out of play.
3:27 of 1st period - Greg Carey wins face-off versus Phil Varone in Texas Stars zone.
4:40 of 1st period - Icing by Josh Currie.
4:41 of 1st period - Glenn Gawdin wins face-off versus Greg Carey in Texas Stars zone.
5:00 of 1st period - Minor Penalty to Colin Blackwell for Tripping.
5:01 of 1st period - Glenn Gawdin wins face-off versus Sam Carrick in Texas Stars zone.
5:27 of 1st period - Cale Fleury is hit by Stefan Noesen and loses puck.
6:34 of 1st period - Josh Currie is hit by Sam Carrick and loses puck.
6:45 of 1st period - Matt Read is hit by Luke Johnson and loses puck.
7:00 of 1st period - Penalty to Colin Blackwell is over, Colin Blackwell is back on ice.
7:15 of 1st period - Danick Martel is hit by Yannick Weber.
8:19 of 1st period - Stefan Noesen is hit by Brandon Manning and loses puck.
10:07 of 1st period - Matt Read is hit by Josh Currie and loses puck.
10:34 of 1st period - Snap shot by Brett Sutter.
10:34 of 1st period - Stopped by Malcolm Subban without a rebound.
10:35 of 1st period - Laurent Dauphin wins face-off versus Greg Carey in Texas Stars zone.
10:35 of 1st period - Laurent Dauphin is hit by Joey LaLeggia.
11:12 of 1st period - Snap shot by Greg Carey.
11:12 of 1st period - Stopped by Malcolm Subban with a rebound.
11:14 of 1st period - Wrist shot by Joey LaLeggia.
11:14 of 1st period - Shot Misses the Net.
11:16 of 1st period - Slapshot by Matt Tennyson.
11:16 of 1st period - Deflect By Brett Sutter.
11:16 of 1st period - Stopped by Malcolm Subban without a rebound.
11:17 of 1st period - Sam Carrick wins face-off versus Phil Varone in Texas Stars zone.
12:01 of 1st period - Slapshot by Colin Blackwell.
12:01 of 1st period - Shot Misses the Net.
12:03 of 1st period - Slapshot by Cal Foote.
12:03 of 1st period - Shot Blocked by Yannick Weber.
12:26 of 1st period - Brett Sutter is hit by Glenn Gawdin and loses puck.
12:55 of 1st period - Snap shot by T.J. Tynan.
12:55 of 1st period - Stopped by Malcolm Subban with a rebound.
13:21 of 1st period - Wrist shot by Luke Johnson.
13:21 of 1st period - Goal by Luke Johnson - Seattle Thunderbirds : 0 - Texas Stars : 2.
13:22 of 1st period - Glenn Gawdin wins face-off versus Chris Terry in neutral zone.
13:27 of 1st period - Snap shot by Josh Currie.
13:27 of 1st period - Shot Misses the Net.
13:33 of 1st period - Snap shot by Glenn Gawdin.
13:33 of 1st period - Stopped by Zane McIntyre with a rebound.
13:35 of 1st period - Wrist shot by Josh Currie.
13:35 of 1st period - Shot Misses the Net.
13:44 of 1st period - Icing by Matt Tennyson.
13:45 of 1st period - Sam Carrick wins face-off versus Luke Johnson in Seattle Thunderbirds zone.
14:19 of 1st period - Off-side.
14:20 of 1st period - Chris Terry wins face-off versus Glenn Gawdin in neutral zone.
14:47 of 1st period - Snap shot by T.J. Tynan.
14:47 of 1st period - Stopped by Malcolm Subban without a rebound.
14:48 of 1st period - Ryan Schmelzer wins face-off versus Luke Johnson in Texas Stars zone.
14:51 of 1st period - Snap shot by Ryan Schmelzer.
14:51 of 1st period - Stopped by Malcolm Subban with a rebound.
14:58 of 1st period - Minor Penalty to Luke Johnson for Tripping.
14:59 of 1st period - Sam Carrick wins face-off versus Glenn Gawdin in Texas Stars zone.
14:59 of 1st period - Snap shot by Chris Terry.
14:59 of 1st period - Shot Blocked by Josh Currie.
15:01 of 1st period - Wrist shot by Chris Terry.
15:01 of 1st period - Stopped by Malcolm Subban with a rebound.
15:09 of 1st period - Snap shot by Chris Terry.
15:09 of 1st period - Stopped by Malcolm Subban with a rebound.
15:11 of 1st period - Slapshot by Matt Read.
15:11 of 1st period - Deflect By Josh Currie.
15:11 of 1st period - Shot Misses the Net.
15:11 of 1st period - Puck is out of play.
15:12 of 1st period - Glenn Gawdin wins face-off versus Sam Carrick in Texas Stars zone.
15:45 of 1st period - Wrist shot by Peter Cehlarik.
15:45 of 1st period - Shot Misses the Net.
16:58 of 1st period - Penalty to Luke Johnson is over, Luke Johnson is back on ice.
17:11 of 1st period - T.J. Tynan is hit by Luke Witkowski and loses puck.
17:57 of 1st period - Icing by Glenn Gawdin.
17:58 of 1st period - Glenn Gawdin wins face-off versus Ryan Schmelzer in Texas Stars zone.
18:11 of 1st period - Snap shot by Danick Martel.
18:11 of 1st period - Stopped by Zane McIntyre without a rebound.
18:12 of 1st period - Logan Brown wins face-off versus Spencer Smallman in Seattle Thunderbirds zone.
18:34 of 1st period - Icing by Cale Fleury.
18:35 of 1st period - Phil Varone wins face-off versus Sam Carrick in Texas Stars zone.
19:05 of 1st period - Snap shot by Glenn Gawdin.
19:05 of 1st period - Stopped by Zane McIntyre with a rebound.
19:07 of 1st period - Wrist shot by Josh Currie.
19:07 of 1st period - Stopped by Zane McIntyre with a rebound.
19:09 of 1st period - Slapshot by Glenn Gawdin.
19:09 of 1st period - Stopped by Zane McIntyre with a rebound.
19:11 of 1st period - Snap shot by Colin Blackwell.
19:11 of 1st period - Shot Blocked by Joey LaLeggia.
19:27 of 1st period - Snap shot by Josh Currie.
19:27 of 1st period - Shot Blocked by Matt Tennyson.
19:29 of 1st period - Wrist shot by Colin Blackwell.
19:29 of 1st period - Deflect By Glenn Gawdin.
19:29 of 1st period - Shot Misses the Net.
19:29 of 1st period - Puck is out of play.
19:30 of 1st period - Sam Carrick wins face-off versus Luke Johnson in Seattle Thunderbirds zone.
19:30 of 1st period - Sam Carrick is hit by Laurent Dauphin.
Goals for this period are 0 for Seattle Thunderbirds vs 2 for Texas Stars.
Shots for this period are 9 for Seattle Thunderbirds vs 9 for Texas Stars.

2nd period


0:01 of 2nd period - Glenn Gawdin wins face-off versus Sam Carrick in neutral zone.
0:07 of 2nd period - Off-side.
0:08 of 2nd period - Glenn Gawdin wins face-off versus Sam Carrick in neutral zone.
0:17 of 2nd period - Snap shot by Colin Blackwell.
0:17 of 2nd period - Shot Misses the Net.
0:39 of 2nd period - Stefan Noesen is hit by Zach Redmond and loses puck.
0:48 of 2nd period - Minor Penalty to Zach Redmond for High sticking.
0:49 of 2nd period - Glenn Gawdin wins face-off versus Sam Carrick in Texas Stars zone.
1:22 of 2nd period - Colin Blackwell is hit by Stefan Noesen and loses puck.
2:48 of 2nd period - Penalty to Zach Redmond is over, Zach Redmond is back on ice.
2:53 of 2nd period - Snap shot by J.T. Brown.
2:53 of 2nd period - Shot Misses the Net.
2:55 of 2nd period - Slapshot by Logan Stanley.
2:55 of 2nd period - Shot Blocked by Matthew Strome.
2:57 of 2nd period - Wrist shot by Ryan Schmelzer.
2:57 of 2nd period - Shot Blocked by Cale Fleury.
2:59 of 2nd period - Snap shot by Ryan Schmelzer.
2:59 of 2nd period - Stopped by Malcolm Subban with a rebound.
3:03 of 2nd period - Wrist shot by Ryan Schmelzer.
3:03 of 2nd period - Stopped by Malcolm Subban without a rebound.
3:04 of 2nd period - Luke Johnson wins face-off versus Greg Carey in Texas Stars zone.
3:21 of 2nd period - Off-side.
3:22 of 2nd period - Josh Currie wins face-off versus Sam Carrick in neutral zone.
3:32 of 2nd period - Wrist shot by Glenn Gawdin.
3:32 of 2nd period - Stopped by Zane McIntyre without a rebound.
3:33 of 2nd period - Glenn Gawdin wins face-off versus Stefan Noesen in Seattle Thunderbirds zone.
3:34 of 2nd period - Slapshot by Colin Blackwell.
3:34 of 2nd period - Shot Misses the Net.
4:20 of 2nd period - Snap shot by Greg Carey.
4:20 of 2nd period - Goal by Greg Carey - Seattle Thunderbirds : 1 - Texas Stars : 2.
4:21 of 2nd period - Colin Blackwell wins face-off versus Logan Brown in neutral zone.
4:34 of 2nd period - Colin Blackwell is hit by Yannick Weber and loses puck.
4:53 of 2nd period - Sam Carrick is hit by Michael Dal Colle and loses puck.
5:00 of 2nd period - Matt Tennyson is hit by Juuso Riikola and loses puck.
5:17 of 2nd period - Snap shot by J.T. Brown.
5:17 of 2nd period - Stopped by Malcolm Subban with a rebound.
5:35 of 2nd period - Snap shot by Paul Thompson.
5:35 of 2nd period - Stopped by Malcolm Subban with a rebound.
6:25 of 2nd period - Jacob MacDonald is hit by Spencer Smallman and loses puck.
6:42 of 2nd period - Wrist shot by Greg Carey.
6:42 of 2nd period - Shot Misses the Net.
6:44 of 2nd period - Slapshot by Paul Thompson.
6:44 of 2nd period - Shot Misses the Net.
6:46 of 2nd period - Backhand shot by Greg Carey.
6:46 of 2nd period - Shot Misses the Net.
6:48 of 2nd period - Snap shot by Paul Thompson.
6:48 of 2nd period - Stopped by Malcolm Subban with a rebound.
6:50 of 2nd period - Wrist shot by Brett Sutter.
6:50 of 2nd period - Deflect By Paul Thompson.
6:50 of 2nd period - Shot Blocked by Luke Witkowski.
6:50 of 2nd period - Puck is out of play.
6:51 of 2nd period - Laurent Dauphin wins face-off versus Matt Read in Texas Stars zone.
6:58 of 2nd period - Wrist shot by Chris Terry.
6:58 of 2nd period - Deflect By Matt Read.
6:58 of 2nd period - Shot Hit the Post.
6:58 of 2nd period - Puck is out of play.
6:59 of 2nd period - Sam Carrick wins face-off versus Luke Johnson in Texas Stars zone.
7:00 of 2nd period - Wrist shot by Chris Terry.
7:00 of 2nd period - Deflect By Matt Read.
7:00 of 2nd period - Stopped by Malcolm Subban without a rebound.
7:01 of 2nd period - Luke Johnson wins face-off versus Sam Carrick in Texas Stars zone.
7:26 of 2nd period - Snap shot by Sam Carrick.
7:26 of 2nd period - Stopped by Malcolm Subban with a rebound.
7:28 of 2nd period - Wrist shot by Sam Carrick.
7:28 of 2nd period - Stopped by Malcolm Subban with a rebound.
7:30 of 2nd period - Snap shot by Matt Read.
7:30 of 2nd period - Shot Misses the Net.
7:40 of 2nd period - Snap shot by Sam Carrick.
7:40 of 2nd period - Deflect By Matt Read.
7:40 of 2nd period - Goal by Matt Read - Seattle Thunderbirds : 2 - Texas Stars : 2.
7:41 of 2nd period - Logan Brown wins face-off versus Colin Blackwell in neutral zone.
8:08 of 2nd period - Phil Varone is hit by Matt Read and loses puck.
8:19 of 2nd period - Yannick Weber is hit by Phil Varone and loses puck.
8:32 of 2nd period - Wrist shot by Laurent Dauphin.
8:32 of 2nd period - Shot Misses the Net.
8:34 of 2nd period - Slapshot by Zach Redmond.
8:34 of 2nd period - Shot Misses the Net.
8:36 of 2nd period - Wrist shot by Michael Dal Colle.
8:36 of 2nd period - Stopped by Zane McIntyre with a rebound.
8:38 of 2nd period - Wrist shot by Laurent Dauphin.
8:38 of 2nd period - Shot Blocked by T.J. Tynan.
8:40 of 2nd period - Wrist shot by Laurent Dauphin.
8:40 of 2nd period - Stopped by Zane McIntyre with a rebound.
8:42 of 2nd period - Wrist shot by Luke Johnson.
8:42 of 2nd period - Shot Blocked by Joey LaLeggia.
9:15 of 2nd period - Greg Carey is hit by Josh Currie.
9:35 of 2nd period - Slapshot by Michael Dal Colle.
9:35 of 2nd period - Shot Misses the Net.
9:37 of 2nd period - Slapshot by Cal Foote.
9:37 of 2nd period - Stopped by Zane McIntyre with a rebound.
9:55 of 2nd period - Slapshot by Ryan Schmelzer.
9:55 of 2nd period - Shot Misses the Net.
10:03 of 2nd period - Slapshot by T.J. Tynan.
10:03 of 2nd period - Shot Misses the Net.
10:05 of 2nd period - Slapshot by Rob O'Gara.
10:05 of 2nd period - Shot Misses the Net.
10:15 of 2nd period - Laurent Dauphin is hit by Yannick Weber.
11:07 of 2nd period - Slapshot by Paul Thompson.
11:07 of 2nd period - Stopped by Malcolm Subban with a rebound.
11:09 of 2nd period - Slapshot by Matt Tennyson.
11:09 of 2nd period - Shot Blocked by Zach Redmond.
11:13 of 2nd period - Wrist shot by Paul Thompson.
11:13 of 2nd period - Deflect By Greg Carey.
11:13 of 2nd period - Shot Misses the Net.
11:13 of 2nd period - Puck is out of play.
11:14 of 2nd period - Logan Brown wins face-off versus Phil Varone in Texas Stars zone.
11:15 of 2nd period - Snap shot by Stefan Noesen.
11:15 of 2nd period - Stopped by Malcolm Subban with a rebound.
11:21 of 2nd period - Matt Tennyson is hit by Spencer Smallman and loses puck.
11:26 of 2nd period - Slapshot by Phil Varone.
11:26 of 2nd period - Stopped by Zane McIntyre with a rebound.
11:36 of 2nd period - Laurent Dauphin is hit by Chris Terry and loses puck.
12:00 of 2nd period - Wrist shot by Joseph Cramarossa.
12:00 of 2nd period - Stopped by Zane McIntyre with a rebound.
12:02 of 2nd period - Slapshot by Joseph Cramarossa.
12:02 of 2nd period - Stopped by Zane McIntyre with a rebound.
12:04 of 2nd period - Slapshot by Glenn Gawdin.
12:04 of 2nd period - Shot Misses the Net.
12:06 of 2nd period - Wrist shot by Matthew Strome.
12:06 of 2nd period - Stopped by Zane McIntyre with a rebound.
12:32 of 2nd period - Wrist shot by Brett Sutter.
12:32 of 2nd period - Stopped by Malcolm Subban without a rebound.
12:33 of 2nd period - Peter Cehlarik wins face-off versus Luke Johnson in Texas Stars zone.
12:41 of 2nd period - Off-side.
12:42 of 2nd period - Luke Johnson wins face-off versus Logan Brown in neutral zone.
14:07 of 2nd period - Snap shot by Stefan Noesen.
14:07 of 2nd period - Stopped by Malcolm Subban without a rebound.
14:08 of 2nd period - Sam Carrick wins face-off versus Glenn Gawdin in Texas Stars zone.
14:09 of 2nd period - Snap shot by Chris Terry.
14:09 of 2nd period - Stopped by Malcolm Subban with a rebound.
15:03 of 2nd period - Slapshot by Greg Carey.
15:03 of 2nd period - Stopped by Malcolm Subban with a rebound.
15:05 of 2nd period - Slapshot by Matt Tennyson.
15:05 of 2nd period - Shot Blocked by Luke Witkowski.
15:15 of 2nd period - Logan Stanley is hit by Spencer Smallman.
15:33 of 2nd period - Vincent LoVerde is hit by Glenn Gawdin and loses puck.
17:36 of 2nd period - Minor Penalty to Zach Redmond for Hooking.
17:37 of 2nd period - Glenn Gawdin wins face-off versus Sam Carrick in Texas Stars zone.
18:11 of 2nd period - Slapshot by Yannick Weber.
18:11 of 2nd period - Stopped by Malcolm Subban with a rebound.
19:36 of 2nd period - Penalty to Zach Redmond is over, Zach Redmond is back on ice.
Goals for this period are 2 for Seattle Thunderbirds vs 0 for Texas Stars.
Shots for this period are 17 for Seattle Thunderbirds vs 8 for Texas Stars.

3rd period


0:01 of 3rd period - Glenn Gawdin wins face-off versus Peter Cehlarik in neutral zone.
0:33 of 3rd period - Slapshot by Cale Fleury.
0:33 of 3rd period - Stopped by Zane McIntyre without a rebound.
0:34 of 3rd period - Luke Johnson wins face-off versus Matt Read in Seattle Thunderbirds zone.
0:49 of 3rd period - Snap shot by Michael Dal Colle.
0:49 of 3rd period - Shot Misses the Net.
0:59 of 3rd period - Joey LaLeggia is hit by Cal Foote and loses puck.
1:04 of 3rd period - Snap shot by Danick Martel.
1:04 of 3rd period - Stopped by Zane McIntyre with a rebound.
1:06 of 3rd period - Slapshot by Cale Fleury.
1:06 of 3rd period - Stopped by Zane McIntyre with a rebound.
1:08 of 3rd period - Backhand shot by Spencer Smallman.
1:08 of 3rd period - Shot Misses the Net.
1:27 of 3rd period - Matt Read is hit by Zach Redmond and loses puck.
1:50 of 3rd period - Snap shot by Sam Carrick.
1:50 of 3rd period - Shot Misses the Net.
1:52 of 3rd period - Slapshot by Logan Stanley.
1:52 of 3rd period - Shot Blocked by Josh Currie.
1:54 of 3rd period - Snap shot by Matt Read.
1:54 of 3rd period - Shot Blocked by Colin Blackwell.
1:56 of 3rd period - Wrist shot by Sam Carrick.
1:56 of 3rd period - Stopped by Malcolm Subban with a rebound.
1:58 of 3rd period - Snap shot by Sam Carrick.
1:58 of 3rd period - Stopped by Malcolm Subban with a rebound.
2:00 of 3rd period - Slapshot by Jacob MacDonald.
2:00 of 3rd period - Deflect By Chris Terry.
2:00 of 3rd period - Stopped by Malcolm Subban with a rebound.
2:02 of 3rd period - Snap shot by Sam Carrick.
2:02 of 3rd period - Goal by Sam Carrick - Seattle Thunderbirds : 3 - Texas Stars : 2.
2:03 of 3rd period - Luke Johnson wins face-off versus Logan Brown in neutral zone.
2:50 of 3rd period - Snap shot by Glenn Gawdin.
2:50 of 3rd period - Shot Misses the Net.
2:52 of 3rd period - Snap shot by Juuso Riikola.
2:52 of 3rd period - Deflect By Glenn Gawdin.
2:52 of 3rd period - Shot Blocked by Matt Tennyson.
2:52 of 3rd period - Puck is out of play.
2:53 of 3rd period - Greg Carey wins face-off versus Glenn Gawdin in Seattle Thunderbirds zone.
2:58 of 3rd period - Snap shot by Paul Thompson.
2:58 of 3rd period - Shot Blocked by Glenn Gawdin.
3:36 of 3rd period - Off-side.
3:37 of 3rd period - Logan Brown wins face-off versus Luke Johnson in neutral zone.
4:04 of 3rd period - Wrist shot by Glenn Gawdin.
4:04 of 3rd period - Stopped by Zane McIntyre without a rebound.
4:05 of 3rd period - Sam Carrick wins face-off versus Glenn Gawdin in Seattle Thunderbirds zone.
4:09 of 3rd period - Matt Tennyson is hit by Brandon Manning and loses puck.
4:21 of 3rd period - Minor Penalty to Chris Terry for Interference.
4:22 of 3rd period - Paul Thompson wins face-off versus Glenn Gawdin in Seattle Thunderbirds zone.
4:22 of 3rd period - Paul Thompson is hit by Cale Fleury.
4:33 of 3rd period - Snap shot by Zach Redmond.
4:33 of 3rd period - Shot Misses the Net.
4:35 of 3rd period - Slapshot by Colin Blackwell.
4:35 of 3rd period - Shot Blocked by Jacob MacDonald.
4:37 of 3rd period - Snap shot by Zach Redmond.
4:37 of 3rd period - Shot Misses the Net.
4:56 of 3rd period - Joey LaLeggia is hit by Michael Dal Colle and loses puck.
5:22 of 3rd period - Laurent Dauphin is hit by Paul Thompson and loses puck.
6:19 of 3rd period - Zach Redmond is hit by Sam Carrick and loses puck.
6:21 of 3rd period - Penalty to Chris Terry is over, Chris Terry is back on ice.
7:11 of 3rd period - Phil Varone is hit by Logan Brown and loses puck.
7:58 of 3rd period - Snap shot by Chris Terry.
7:58 of 3rd period - Shot Blocked by Cal Foote.
9:30 of 3rd period - Slapshot by Peter Cehlarik.
9:30 of 3rd period - Shot Misses the Net.
9:32 of 3rd period - Snap shot by Peter Cehlarik.
9:32 of 3rd period - Shot Misses the Net.
9:34 of 3rd period - Slapshot by Joey LaLeggia.
9:34 of 3rd period - Shot Blocked by Juuso Riikola.
9:36 of 3rd period - Snap shot by Logan Stanley.
9:36 of 3rd period - Shot Hit the Post.
9:38 of 3rd period - Slapshot by Logan Stanley.
9:38 of 3rd period - Stopped by Malcolm Subban without a rebound.
9:39 of 3rd period - Luke Johnson wins face-off versus Ryan Schmelzer in Texas Stars zone.
9:54 of 3rd period - Wrist shot by J.T. Brown.
9:54 of 3rd period - Stopped by Malcolm Subban without a rebound.
9:55 of 3rd period - Glenn Gawdin wins face-off versus Logan Brown in Texas Stars zone.
10:02 of 3rd period - Slapshot by Cale Fleury.
10:02 of 3rd period - Stopped by Zane McIntyre without a rebound.
10:03 of 3rd period - Glenn Gawdin wins face-off versus Logan Brown in Seattle Thunderbirds zone.
10:04 of 3rd period - Snap shot by Josh Currie.
10:04 of 3rd period - Shot Misses the Net.
10:18 of 3rd period - Off-side.
10:19 of 3rd period - Luke Johnson wins face-off versus Matt Read in neutral zone.
10:22 of 3rd period - Jacob MacDonald is hit by Michael Dal Colle and loses puck.
10:27 of 3rd period - Slapshot by Michael Dal Colle.
10:27 of 3rd period - Shot Blocked by Yannick Weber.
10:29 of 3rd period - Snap shot by Michael Dal Colle.
10:29 of 3rd period - Stopped by Zane McIntyre with a rebound.
10:31 of 3rd period - Snap shot by Cale Fleury.
10:31 of 3rd period - Stopped by Zane McIntyre without a rebound.
10:32 of 3rd period - Logan Brown wins face-off versus Glenn Gawdin in Seattle Thunderbirds zone.
10:58 of 3rd period - Laurent Dauphin is hit by Yannick Weber.
13:13 of 3rd period - Wrist shot by Ryan Schmelzer.
13:13 of 3rd period - Stopped by Malcolm Subban without a rebound.
13:14 of 3rd period - Glenn Gawdin wins face-off versus Peter Cehlarik in Texas Stars zone.
13:41 of 3rd period - Yannick Weber is hit by Cale Fleury and loses puck.
14:02 of 3rd period - Zach Redmond is hit by Greg Carey and loses puck.
14:18 of 3rd period - Slapshot by Cale Fleury.
14:18 of 3rd period - Stopped by Zane McIntyre with a rebound.
14:20 of 3rd period - Wrist shot by Laurent Dauphin.
14:20 of 3rd period - Stopped by Zane McIntyre with a rebound.
14:22 of 3rd period - Slapshot by Cale Fleury.
14:22 of 3rd period - Stopped by Zane McIntyre without a rebound.
14:23 of 3rd period - Logan Brown wins face-off versus Glenn Gawdin in Seattle Thunderbirds zone.
14:59 of 3rd period - Slapshot by Juuso Riikola.
14:59 of 3rd period - Stopped by Zane McIntyre with a rebound.
15:21 of 3rd period - Wrist shot by T.J. Tynan.
15:21 of 3rd period - Shot Blocked by Juuso Riikola.
15:23 of 3rd period - Slapshot by J.T. Brown.
15:23 of 3rd period - Goal by J.T. Brown - Seattle Thunderbirds : 4 - Texas Stars : 2.
15:24 of 3rd period - Paul Thompson wins face-off versus Josh Currie in neutral zone.
15:31 of 3rd period - Snap shot by Paul Thompson.
15:31 of 3rd period - Shot Blocked by Colin Blackwell.
16:12 of 3rd period - Snap shot by J.T. Brown.
16:12 of 3rd period - Shot Blocked by Brandon Manning.
16:18 of 3rd period - Wrist shot by J.T. Brown.
16:18 of 3rd period - Stopped by Malcolm Subban without a rebound.
16:19 of 3rd period - Greg Carey wins face-off versus Glenn Gawdin in Texas Stars zone.
16:20 of 3rd period - Snap shot by Brett Sutter.
16:20 of 3rd period - Shot Misses the Net.
16:30 of 3rd period - Zach Redmond is hit by Matt Tennyson and loses puck.
16:45 of 3rd period - Sam Carrick is hit by Phil Varone and loses puck.
16:50 of 3rd period - Snap shot by Danick Martel.
16:50 of 3rd period - Deflect By Chris Terry.
16:50 of 3rd period - Shot Misses the Net.
16:50 of 3rd period - Puck is out of play.
16:51 of 3rd period - Sam Carrick wins face-off versus Glenn Gawdin in Seattle Thunderbirds zone.
17:15 of 3rd period - Wrist shot by Spencer Smallman.
17:15 of 3rd period - Stopped by Zane McIntyre with a rebound.
17:29 of 3rd period - Minor Penalty to Logan Stanley for Tripping.
17:30 of 3rd period - Chris Terry wins face-off versus Glenn Gawdin in Seattle Thunderbirds zone.
17:41 of 3rd period - Wrist shot by Colin Blackwell.
17:41 of 3rd period - Stopped by Zane McIntyre without a rebound.
17:42 of 3rd period - Glenn Gawdin wins face-off versus Chris Terry in Seattle Thunderbirds zone.
17:43 of 3rd period - Snap shot by Colin Blackwell.
17:43 of 3rd period - Stopped by Zane McIntyre without a rebound.
17:44 of 3rd period - Glenn Gawdin wins face-off versus Chris Terry in Seattle Thunderbirds zone.
17:59 of 3rd period - Snap shot by Josh Currie.
17:59 of 3rd period - Goal by Josh Currie - Seattle Thunderbirds : 4 - Texas Stars : 3.
18:00 of 3rd period - Brett Sutter wins face-off versus Joseph Cramarossa in neutral zone.
18:05 of 3rd period - Slapshot by Yannick Weber.
18:05 of 3rd period - Shot Misses the Net.
18:27 of 3rd period - Snap shot by Sam Carrick.
18:27 of 3rd period - Shot Misses the Net.
18:29 of 3rd period - Slapshot by Joey LaLeggia.
18:29 of 3rd period - Deflect By Sam Carrick.
18:29 of 3rd period - Goal by Sam Carrick - Seattle Thunderbirds : 5 - Texas Stars : 3.
18:30 of 3rd period - Ryan Schmelzer wins face-off versus Joseph Cramarossa in neutral zone.
18:56 of 3rd period - Danick Martel is hit by Matt Read and loses puck.
19:24 of 3rd period - Matt Read is hit by Danick Martel and loses puck.
19:37 of 3rd period - Snap shot by Danick Martel.
19:37 of 3rd period - Stopped by Zane McIntyre without a rebound.
19:38 of 3rd period - Joseph Cramarossa wins face-off versus Sam Carrick in Seattle Thunderbirds zone.
19:39 of 3rd period - Slapshot by Glenn Gawdin.
19:39 of 3rd period - Stopped by Zane McIntyre with a rebound.
19:41 of 3rd period - Snap shot by Matthew Strome.
19:41 of 3rd period - Deflect By Glenn Gawdin.
19:41 of 3rd period - Shot Misses the Net.
19:41 of 3rd period - Puck is out of play.
19:42 of 3rd period - Sam Carrick wins face-off versus Joseph Cramarossa in Seattle Thunderbirds zone.
19:51 of 3rd period - Minor Penalty to Joseph Cramarossa for Roughing.
19:52 of 3rd period - Logan Brown wins face-off versus Glenn Gawdin in Texas Stars zone.
Goals for this period are 3 for Seattle Thunderbirds vs 1 for Texas Stars.
Shots for this period are 10 for Seattle Thunderbirds vs 17 for Texas Stars. Output by the SimonT Hockey Simulator (STHS) for Eric Tremblay - Original Page W3C HTML5 Valid
Hockey Simulator - Hockey Simulation - Hockey Manager